[Event "*** Titled Tuesday Blitz"]
[Site "Chess.com"]
[Date "2020.02.04"]
[Round "3"]
[White "Gahan-MG"]
[Black "petrpalachev"]
[Result "1/2-1/2"]
[WhiteElo "2434"]
[BlackElo "2649"]
[TimeControl "180+2"]
[EndTime "9:41:25 PST"]
[Termination "Game drawn - insufficient material"]

1. e4 c6 2. d4 d5 3. e5 Bf5 4. Be3 e6 5. c3 Qb6 6. Qc1 Nd7 7. f4 h5 8. Nf3 Nh6 9. Nbd2 Be7 10. g3 a5 11. c4 dxc4 12. Nxc4 Bb4+ 13. Bd2 Bxd2+ 14. Qxd2 Qb4 15. Nd6+ Ke7 16. Qxb4 axb4 17. Nxb7 Be4 18. Bg2 Nf5 19. Kf2 Rhb8 20. Nc5 Nxc5 21. dxc5 Bd5 22. Ng5 Bxg2 23. Kxg2 Ne3+ 24. Kf2 Nd5 25.
Rhc1 Ra5 26. Ne4 Rba8 27. Ke1 Rxa2 28. Rxa2 Rxa2 29. Rb1 f6 30. Kd2 h4 31. Kc2 hxg3 32. hxg3 Ra8 33. Rh1 Kf7 34. exf6 gxf6 35. Rh7+ Kg6 36.
Rd7 Kf5 37. Nd6+ Kg4 38. Rg7+ Kf3 39. Nc4 Ra1 40. Nd2+ Ke3 41. Nb3 Rg1 42. Na5 Kd4 43.
Nxc6+ Kxc5 44. Nd8 e5 45. fxe5 fxe5 46. Ne6+ Kd6 47.
Ng5 Nf6 48. Rg6 Ke7 49. Rg7+ Ke8 50. Ne6 e4 51. Nc7+ Kf8 52. Ne6+ Ke8 53. Nc7+ Kd8 54. Ne6+ Kc8 55. Rf7 Nd5 56. Rf8+ Kd7 57. Nc5+ Ke7 58. Rg8 Rg2+ 59. Kb3 e3 60. Kc4 e2 61. Nd3 Nf4 62.
Rg4 Nxd3 63. Re4+ Ne5+ 64. Rxe5+ Kf6 65. Re3 Kf5 66. Kxb4 Kg4 67. Kc4 Kh3 68. b4 Kh2 69. b5 Kg1 70. b6 Kf1 71. b7 Rxg3 72. Rxg3 e1=Q 73. Rf3+ Kg2 74. b8=Q Qe4+ 75. Kc5 Qxf3 76. Qg8+ Qg3 77. Qxg3+ Kxg3 1/2-1/2

[Event "*** Titled Tuesday Blitz"]
[Site "Chess.com"]
[Date "2020.02.04"]
[Round "3"]
[White "Saloni1299"]
[Black "Zarikovs1999"]
[Result "0-1"]
[WhiteElo "2113"]
[BlackElo "2353"]
[TimeControl "180+2"]
[EndTime "9:41:41 PST"]
[Termination "Zarikovs1999 won on time"]

1. e4 c5 2. Nf3 d5 3. exd5 Qxd5 4. Nc3 Qd8 5. Be2 Nf6 6. d4 cxd4 7. Nxd4 e6 8. O-O Bb4 9. Ndb5 Bxc3 10. Qxd8+ Kxd8 11. Nxc3 a6 12. a4 Nc6 13. Rd1+ Ke7 14. b3 Rd8 15.
Ba3+ Ke8 16. Bf3 Ne5 17. Be2 Bd7 18. f4 Neg4 19. Rd3 Bc6 20. Rad1 Rxd3 21. Rxd3 Rd8 22. h3 Rxd3 23. Bxd3 Ne3 24. g4 Nfd5 25. Ne2 Nd1 26. c4 N5c3 27. Nxc3 Nxc3 28. Kf2 Ne4+ 29. Ke3 Nf6 30.
Bb2 Ke7 31. g5 Ne8 32. Bxh7 g6 33. h4 Nd6 34. Ba3 Kd7 35. Bg8 Nf5+ 36. Kf2 Ke8 37. h5 gxh5 38. Bh7 Nd4 39. b4 Bxa4 40. Bb2 Nc6 41.
Bc3 Bb3 42. Bd3 Ne7 43. Kg3 Ng6 44. c5 Bd5 45. b5 axb5 46. Bxb5+ Bc6 47. Be2 Ke7 48.
Bxh5 Nf8 49. Be2 Nd7 50. Bd4 Bd5 51. Bd3 Nb8 52. Kg4 Nc6 53. Be3 Nb4 54. Bb1 Bc6 55.
g6 fxg6 56. Bxg6 Nd5 57. Bd2 Kf6 58. Bc2 Ke7 59. Kg5 Nf6 60. Kg6 Be4+ 61. Bxe4 Nxe4 62. Be3 Ng3 63. Kg5 Nf5 64. Bf2 Kd7 65. Kf6 Ne7 66. Bg1 Nd5+ 67. Ke5 Ne7 68. Kf6 Nc6 69. f5 exf5 70.
Kxf5 Nb4 71. Ke5 Kc6 72. Kd4 Kb5 73. Ke5 Nd3+ 74. Kd6 Nb4 75. Kc7 Ka6 76. Kd6 Nc6 77.
Bf2 Na5 78. Kc7 Nc6 0-1

[Event "*** Titled Tuesday Blitz"]
[Site "Chess.com"]
[Date "2020.02.04"]
[Round "3"]
[White "vovachesss"]
[Black "AtabayevSaparmyrat"]
[Result "0-1"]
[WhiteElo "2577"]
[BlackElo "2792"]
[TimeControl "180+2"]
[EndTime "9:42:13 PST"]
[Termination "AtabayevSaparmyrat won by resignation"]

1. e4 c5 2. d4 cxd4 3. c3 Nf6 4. e5 Nd5 5. Nf3 d6 6. Bc4 e6 7. O-O Nc6 8. Bxd5 exd5 9. Re1 dxe5 10. Nxe5 Be7 11.
Bg5 Nxe5 12. Bxe7 Qxe7 13. cxd4 Nf3+ 14. gxf3 Be6 15. Qa4+ Qd7 16. Nc3 Qxa4 17. Nxa4 b6 18. Re5 Kd7 19. Rae1 Rhe8 20. Nc3 f6 21. Rh5 h6 22. Re3 Kc6 23. a4 a5 24. Nb5 Kd7 25. Nc3 Kc6 26. Nb5 Kd7 27. Nc3 Bf7 28. Rf5 Kc6 29. Nb5 Rxe3 30. fxe3 Re8 31. Kf2 Rd8 32.
Rf4 Kd7 33. Rg4 g5 34. Rg1 Rc8 35. Nc3 Rc4 36. Re1 Rb4 37. Re2 Kc6 38. Rd2 Bg6 39. e4 dxe4 40. fxe4 Kd6 41. Ke3 Rb3 42. Rf2 Ke6 43.
Kd3 f5 44. exf5+ Bxf5+ 45. Ke3 Rb4 46. Rd2 Kd6 47. Rf2 Ke6 48. Rg2 Rc4 49. Rf2 h5 50. Re2 Kd6 51. Rg2 g4 52. Rd2 Bd7 53. Kf4 Bxa4 54.
Ne4+ Kd5 55. Nf6+ Kd6 56. Nxh5 Bb3 57. Nf6 a4 58. Nxg4 b5 59. Ne3 Rc1 60. h4 b4 61.
Nf5+ Kd7 62. Ne3 a3 63. bxa3 bxa3 64. h5 a2 65. Rxa2 Bxa2 66. Ng4 Rh1 67. h6 Be6 68.
Ne5+ Ke7 69. Kg5 Rg1+ 70. Kh5 Kf6 71. Kh4 Rh1+ 72. Kg3 Rxh6 73. Kf4 Rh4+ 74. Ke3 Kf5 75. Nf3 Rh3 76. Kf2 Kf4 77. Ne5 Rh2+ 78. Ke1 Ra2 79. Kd1 Ke3 80. Kc1 Kxd4 81. Nf3+ Kc3 82. Kb1 Rf2 83. Ne1 0-1

[Event "*** Titled Tuesday Blitz"]
[Site "Chess.com"]
[Date "2020.02.04"]
[Round "3"]
[White "kleinebeer98"]
[Black "Genghis_K"]
[Result "1/2-1/2"]
[WhiteElo "2693"]
[BlackElo "2910"]
[TimeControl "180+2"]
[EndTime "9:42:51 PST"]
[Termination "Game drawn - insufficient material"]

1. e4 c5 2. Nf3 d6 3. d4 cxd4 4. Nxd4 Nf6 5. Nc3 a6 6. h3 e6 7. g4 h6 8. b3 b5 9. Bg2 b4 10. Na4 Bb7 11. Qe2 Nbd7 12. Bb2 Qc7 13. O-O-O Nc5 14. Nxc5 dxc5 15. Nf3 Nxe4 16. Ne5 Nf6 17.
Bxb7 Qxb7 18. f4 Bd6 19. g5 hxg5 20. fxg5 Qe4 21. Rhe1 Qxe2 22. Rxe2 Nd5 23. g6 Bxe5 24. gxf7+ Kxf7 25. Rxe5 Rxh3 26. Rf1+ Ke7 27. Rfe1 Kd7 28. Rxe6 Rh1 29. Rxh1 Kxe6 30. Bxg7 Rg8 31. Re1+ Kd7 32.
Bb2 Rg2 33. a3 a5 34. Kb1 Nc7 35. axb4 axb4 36. Rh1 Kc6 37. Bc1 Nd5 38. Bb2 Ne3 39.
Rc1 Kb5 40. Bf6 Nd5 41. Bb2 Kc6 42. Rh1 Ne3 43. Rc1 Re2 44. Bh8 Rh2 45. Bb2 Rg2 46.
Bh8 Kd5 47. Bf6 Rf2 48. Bh4 Rg2 49. Be7 Nf5 50. Bf6 Nd6 51. Rd1+ Kc6 52. Bb2 Nb5 53. Rh1 Nc7 54. Rh6+ Kb5 55. Rh1 Nd5 56. Rd1 Ne3 57.
Rc1 Re2 58. Bh8 c4 59. bxc4+ Kxc4 60. Bb2 Nd5 61. Rh1 Ne3 62. Rc1 Rd2 63. Bh8 Nd5 64. Rh1 Rg2 65. Rh4+ Kb5 66. Rh5 Kc4 67. Rh4+ Kc5 68.
Rh5 Kc6 69. Bd4 Rg4 70. Bb2 Kc5 71. Ka2 Kc4 72. Rh8 Nb6 73. Rh6 Na4 74. Rc6+ Kb5 75. Rc8 Nb6 76. Rh8 Nd5 77. Rb8+ Kc6 78. Rc8+ Kb7 79.
Rh8 Ne3 80. Kb3 Nd5 81. Rh6 Kc7 82. Be5+ Kb7 83. Rd6 Nb6 84. Bd4 Nc8 85. Rd5 Kc6 86.
Rc5+ Kd7 87. Rc4 Ne7 88. Kxb4 Nc6+ 89. Kc5 Rg5+ 90. Kb6 Nxd4 91. Rxd4+ Kc8 92. c4 Rg6+ 93. Kb5 Rh6 94. c5 Kc7 95. Rg4 Kc8 96. Rg7 Rf6 97. Re7 Rg6 98. Kc4 Rf6 99. Kd5 Rh6 100. Re8+ Kc7 101. Re6 Rxe6 102. Kxe6 Kc6 103. Ke5 Kxc5 1/2-1/2

[Event "*** Titled Tuesday Blitz"]
[Site "Chess.com"]
[Date "2020.02.04"]
[Round "4"]
[White "saraswathii"]
[Black "2nd_life"]
[Result "0-1"]
[WhiteElo "2165"]
[BlackElo "2434"]
[TimeControl "180+2"]
[EndTime "9:46:47 PST"]
[Termination "2nd_life won by resignation"]

1. e4 e5 2. d3 Nc6 3. Nf3 Bc5 4.
g3 Nf6 5. Bg2 d6 6. O-O h5 7. h4 Ng4 8. c3 Bb6 9. d4 Qf6 10. Bg5 Qg6 11. d5 Ne7 12. Qd3 f6 13. Bc1 f5 14. exf5 Bxf5 15. Qb5+ Kd8 16. Ng5 Bd3 17.
Qb3 Bxf1 18. Kxf1 Qd3+ 19. Kg1 Bxf2+ 0-1

[Event "*** Titled Tuesday Blitz"]
[Site "Chess.com"]
[Date "2020.02.04"]
[Round "4"]
[White "Aygehovit1992"]
[Black "Indianlad"]
[Result "0-1"]
[WhiteElo "2647"]
[BlackElo "2904"]
[TimeControl "180+2"]
[EndTime "9:46:48 PST"]
[Termination "Indianlad won by resignation"]

1. e4 e5 2. Nf3 Nc6 3. Bb5 a6 4. Ba4 Bc5 5. d3 d6 6. Nc3 Ne7 7. a3 O-O 8. b4 Ba7 9. Bb3 Bg4 10. Be3 Nd4 11. h3 Bxf3 12. gxf3 Nxb3 13. cxb3 Bxe3 14. fxe3 f5 15. Qe2 a5 16. b5 c6 17. bxc6 bxc6 18.
O-O f4 19. Kh2 Ng6 20. Rg1 Ra7 21. d4 fxe3 22. Qxe3 Raf7 23. Raf1 exd4 24. Qxd4 Ne5 25. Rg3 Rxf3 26. Rfxf3 Nxf3+ 27. Rxf3 Rxf3 28. Qc4+ Rf7 29. Qxc6 Qf6 30. Qc8+ Rf8 31. Qc4+ Kh8 32. Qe2 Qxc3 0-1

[Event "*** Titled Tuesday Blitz"]
[Site "Chess.com"]
[Date "2020.02.04"]
[Round "4"]
[White "SergioGarciaFuentes"]
[Black "Gahan-MG"]
[Result "0-1"]
[WhiteElo "2167"]
[BlackElo "2437"]
[TimeControl "180+2"]
[EndTime "9:47:25 PST"]
[Termination "Gahan-MG won by resignation"]

1. Nf3 Nf6 2. g3 g6 3. b3 Bg7 4. Bb2 O-O 5. Bg2 d5 6. c4 dxc4 7. bxc4 c5 8. O-O Nc6 9. d3 Qb6 10. Qc1 Bg4 11. Nbd2 Rfe8 12. Rb1 Qc7 13. h3 Bf5 14. Bc3 b6 15. Qb2 Rad8 16. Ne5 Nxe5 17. Bxe5 Qc8 18. Qa3 Bxh3 19. Qxa7 Bxg2 20. Kxg2 Qc6+ 21.
Nf3 Nd7 22. Bxg7 Ra8 0-1

[Event "*** Titled Tuesday Blitz"]
[Site "Chess.com"]
[Date "2020.02.04"]
[Round "4"]
[White "Philosopherrr"]
[Black "SHIVACalypso"]
[Result "1-0"]
[WhiteElo "2442"]
[BlackElo "2211"]
[TimeControl "180+2"]
[EndTime "9:47:27 PST"]
[Termination "Philosopherrr won by checkmate"]

1. e4 e6 2. d4 d5 3. Nc3 Nf6 4. Bg5 dxe4 5. Nxe4 Be7 6. Bxf6 gxf6 7.
Nf3 f5 8. Nc3 a6 9. Qd2 b5 10.
O-O-O b4 11. Ne2 Bb7 12. Kb1 Nd7 13. Nf4 Nb6 14. Ne5 Nd5 15. Nfd3 a5 16. Nc5 Bxc5 17. dxc5 f6 18. Bb5+ Kf8 19. Qh6+ Kg8 20. Rd3 fxe5 21. Rg3+ Kf7 22. Qg7# 1-0

[Event "*** Titled Tuesday Blitz"]
[Site "Chess.com"]
[Date "2020.02.04"]
[Round "4"]
[White "Mr_Sinigami"]
[Black "cholzan"]
[Result "1-0"]
[WhiteElo "2724"]
[BlackElo "2508"]
[TimeControl "180+2"]
[EndTime "9:47:32 PST"]
[Termination "Mr_Sinigami won by resignation"]

1. e4 e5 2. Nf3 d6 3. Nc3 Nf6 4. g3 Be7 5. Bg2 c6 6. d3 O-O 7. O-O Nbd7 8. h3 a6 9. Be3 b5 10. Nh4 Re8 11. Nf5 Bf8 12. f4 b4 13. Ne2 c5 14. g4 g6 15. fxe5 Nxe5 16. Nh6+ Bxh6 17.
Bxh6 Nfxg4 18. hxg4 Nxg4 19. Bf4 Qh4 20. Qd2 Re5 21.
Bg3 Qh5 22. Nf4 Qh6 23. Rad1 Rg5 24. Nh3 Ne3 25. Nxg5 Qxg5 26. Rf3 Bg4 27. Bf4 1-0

[Event "*** Titled Tuesday Blitz"]
[Site "Chess.com"]
[Date "2020.02.04"]
[Round "4"]
[White "Snegokhod"]
[Black "Shield12"]
[Result "0-1"]
[WhiteElo "2624"]
[BlackElo "2886"]
[TimeControl "180+2"]
[EndTime "9:47:35 PST"]
[Termination "Shield12 won by resignation"]

1. e4 e5 2. Nf3 Nc6 3. Bb5 Nf6 4. d3 Bc5 5. O-O Nd4 6. Nxd4 Bxd4 7. c3 Bb6 8. a4 c6 9. Bc4 d5 10. exd5 cxd5 11.
Bb5+ Kf8 12. d4 e4 13. Bf4 Bc7 14. Bxc7 Qxc7 15. c4 a6 16. Nc3 dxc4 17. d5 axb5 18. Nxb5 Qc5 19. d6 Bd7 20. Nc7 Rd8 21. a5 Bc6 22. a6 bxa6 23. Rxa6 g6 24. Qc1 Kg7 25. Qc3 Rxd6 26. h3 Rc8 0-1

[Event "*** Titled Tuesday Blitz"]
[Site "Chess.com"]
[Date "2020.02.04"]
[Round "4"]
[White "DonBroca"]
[Black "Reality-Stone"]
[Result "0-1"]
[WhiteElo "2154"]
[BlackElo "2474"]
[TimeControl "180+2"]
[EndTime "9:47:52 PST"]
[Termination "Reality-Stone won by resignation"]

1. e4 c5 2. Nf3 d6 3. d4 cxd4 4. Nxd4 Nf6 5. Nc3 a6 6. Bg5 e6 7. f4 h6 8. Bh4 Qb6 9. Qd2 Qxb2 10. Rb1 Qa3 11. Bc4 Be7 12. e5 dxe5 13. fxe5 Ne4 14.
Nxe4 Bxh4+ 15. g3 Bg5 16. Nd6+ Qxd6 17. exd6 Bxd2+ 18. Kxd2 Kd7 19. Rhf1 Ke8 20. Rbe1 Bd7 21. Nxe6 fxe6 22. Bxe6 Bxe6 23. Re5 Kd7 0-1

[Event "*** Titled Tuesday Blitz"]
[Site "Chess.com"]
[Date "2020.02.04"]
[Round "4"]
[White "Atakishiyev04"]
[Black "crescentmoon2411"]
[Result "0-1"]
[WhiteElo "2793"]
[BlackElo "3022"]
[TimeControl "180+2"]
[EndTime "9:48:13 PST"]
[Termination "crescentmoon2411 won by resignation"]

1. d4 Nf6 2. c4 e6 3. Nf3 d5 4.
g3 Bb4+ 5. Bd2 Be7 6. Bg2 O-O 7. O-O c6 8. Nc3 dxc4 9. a4 Nbd7 10. Qc2 Nd5 11. Rac1 a5 12. Rfd1 b6 13. Ne4 Ba6 14.
Bg5 h6 15. Bf6 N7xf6 16. Ne5 Rc8 17. g4 Nxe4 18. Qxe4 Bg5 19. e3 Bf6 20. Nxc4 Bxc4 21. Rxc4 c5 22. dxc5 bxc5 23. Qc2 Qb6 24. b3 Rfd8 25.
Be4 Nb4 26. Qd2 Rxd2 0-1

[Event "*** Titled Tuesday Blitz"]
[Site "Chess.com"]
[Date "2020.02.04"]
[Round "4"]
[White "ShimanovAlex"]
[Black "Yoshkinkot"]
[Result "1-0"]
[WhiteElo "2763"]
[BlackElo "2575"]
[TimeControl "180+2"]
[EndTime "9:48:18 PST"]
[Termination "ShimanovAlex won by resignation"]

1. d4 d5 2. Bg5 c6 3. Nd2 g6 4. e4 dxe4 5. Nxe4 Bg7 6. c3 Nd7 7. Nd6+ Kf8 8. Bc4 Qa5 9. Nxf7 Nb6 10. Bb3 Qf5 11. Nf3 h6 12. Bh4 Rh7 13. O-O Qh5 14. N7e5 Bg4 15. Nxg4 Qxg4 16. Re1 Bf6 17. Bg3 h5 18.
Be6 1-0

[Event "*** Titled Tuesday Blitz"]
[Site "Chess.com"]
[Date "2020.02.04"]
[Round "4"]
[White "Korchmar_Vasiliy"]
[Black "DanielNaroditsky"]
[Result "0-1"]
[WhiteElo "2828"]
[BlackElo "3136"]
[TimeControl "180+2"]
[EndTime "9:48:30 PST"]
[Termination "DanielNaroditsky won by resignation"]

1. d4 Nf6 2. Nf3 g6 3. Bg5 Bg7 4. Nbd2 O-O 5. e3 d6 6. Bd3 c5 7.
c3 b6 8. O-O Bb7 9. Re1 Nbd7 10. a4 a6 11. e4 e5 12. Nc4 Qc7 13. Qb3 d5 14. exd5 e4 15. d6 Qb8 16. Nfe5 exd3 17.
Nxd7 Nxd7 18. Re7 Bd5 19. Rxd7 b5 20. Qd1 bxc4 21. dxc5 Qxb2 0-1

[Event "*** Titled Tuesday Blitz"]
[Site "Chess.com"]
[Date "2020.02.04"]
[Round "4"]
[White "cottage_cheese"]
[Black "dangerousattack1st"]
[Result "0-1"]
[WhiteElo "2389"]
[BlackElo "2806"]
[TimeControl "180+2"]
[EndTime "9:48:33 PST"]
[Termination "dangerousattack1st won by resignation"]

1. e4 e5 2. Nf3 Nc6 3. Bb5 Nf6 4. d3 Bc5 5. O-O O-O 6. Bxc6 bxc6 7. a3 d5 8. exd5 Qxd5 9. Nc3 Qd6 10. Re1 Re8 11. Be3 Bg4 12. Qe2 Rad8 13. Ne4 Nxe4 14. dxe4 Bb6 15.
h3 Bh5 16. g4 Bg6 17. Bxb6 axb6 18. Rad1 Qf6 19. Qe3 h6 20. Kg2 c5 21. Nd2 Qc6 22. f3 f6 23. Nf1 Bf7 24. Ng3 Qb5 25. b3 c4 26. b4 Qa4 27. Nf5 Qxc2+ 0-1

[Event "*** Titled Tuesday Blitz"]
[Site "Chess.com"]
[Date "2020.02.04"]
[Round "4"]
[White "Majkelopulos"]
[Black "secretsuperstar7"]
[Result "1-0"]
[WhiteElo "2469"]
[BlackElo "2252"]
[TimeControl "180+2"]
[EndTime "9:49:07 PST"]
[Termination "Majkelopulos won by resignation"]

1. e4 c5 2. Nf3 d6 3. Bb5+ Bd7 4. c4 Nf6 5. Nc3 g6 6. O-O Bg7 7. d4 cxd4 8. Nxd4 O-O 9. Be3 Nc6 10. f3 a6 11.
Bxc6 bxc6 12. Qe2 e5 13. Nc2 Qc7 14. Rfd1 Be6 15. b3 Nd7 16. Qd2 Qa5 17. Na4 Qxd2 18. Rxd2 d5 19. cxd5 cxd5 20. exd5 Bf5 21. Rad1 h5 22. Nb4 e4 23. f4 Bg4 24. Rc1 g5 25.
fxg5 Ne5 26. Nc6 Nd3 27. Rc4 f5 28. gxf6 Rxf6 29. Rxe4 Bf5 30. Ne7+ Kh7 31. Nxf5 Rxf5 32. Rxd3 Raf8 33. Rd1 Rc8 34. d6 Rc2 35. d7 Bf6 36.
Rf4 Rxf4 37. Bxf4 Bd8 38. Be3 Rc1 39. Rxc1 1-0

[Event "*** Titled Tuesday Blitz"]
[Site "Chess.com"]
[Date "2020.02.04"]
[Round "4"]
[White "PIwan"]
[Black "Nalatac"]
[Result "1-0"]
[WhiteElo "2508"]
[BlackElo "2292"]
[TimeControl "180+2"]
[EndTime "9:49:08 PST"]
[Termination "PIwan won on time"]

1. c4 c5 2. Nf3 Nf6 3. Nc3 Nc6 4. e3 e6 5. d4 d5 6. cxd5 Nxd5 7. Bd3 Be7 8. O-O O-O 9. Re1 b6 10. Nxd5 exd5 11.
dxc5 bxc5 12. e4 c4 13. Bc2 d4 14. Ba4 Bb7 15. Bxc6 Bxc6 16. Nxd4 Bb7 17. Nf5 Bb4 18. Qg4 g6 19. Rd1 Qf6 20. Be3 Rfe8 21. Bd4 Rxe4 22.
Bxf6 1-0

[Event "*** Titled Tuesday Blitz"]
[Site "Chess.com"]
[Date "2020.02.04"]
[Round "4"]
[White "petrpalachev"]
[Black "NemtsevIgor"]
[Result "1-0"]
[WhiteElo "2652"]
[BlackElo "2399"]
[TimeControl "180+2"]
[EndTime "9:49:28 PST"]
[Termination "petrpalachev won by checkmate"]

1. d4 c6 2. c4 d6 3. h4 Nf6 4.
f3 Nbd7 5. g4 e5 6. d5 cxd5 7.
cxd5 e4 8. Nc3 exf3 9. exf3 Be7 10. Be2 O-O 11. Nh3 Ne5 12. Nf2 b5 13. g5 Nh5 14.
f4 Ng3 15. fxe5 Nxh1 16. Nxh1 dxe5 17. Bxb5 Qb6 18. Nf2 Bb4 19. Qe2 Bf5 20. Bd3 e4 21.
Bc2 Rfe8 22. Be3 Qa5 23. Kf1 Rac8 24. Bxe4 Bxc3 25. Bxf5 Rcd8 26. bxc3 Qxc3 27. Re1 Rxd5 28. Be4 Rde5 29. Qf3 Rxe4 30. Nxe4 Qc4+ 31. Kf2 Rxe4 32.
Bxa7 Qxa2+ 33. Kg3 f5 34. Rxe4 fxe4 35. Qxe4 Qxa7 36.
Qe8# 1-0

[Event "*** Titled Tuesday Blitz"]
[Site "Chess.com"]
[Date "2020.02.04"]
[Round "4"]
[White "DonPreuss"]
[Black "Er_is_geen_hoop_meer"]
[Result "1-0"]
[WhiteElo "2179"]
[BlackElo "2471"]
[TimeControl "180+2"]
[EndTime "9:49:32 PST"]
[Termination "DonPreuss won by resignation"]

1. d4 f5 2. e4 fxe4 3. Nc3 Nf6 4. Bg5 c6 5. f3 exf3 6. Nxf3 Qb6 7. Rb1 g6 8. Be2 Bg7 9. O-O O-O 10. Kh1 d6 11. d5 Bf5 12. Nd4 Ne4 13. Nxf5 gxf5 14.
Nxe4 fxe4 15. Rxf8+ Bxf8 16. Bg4 Na6 17. Be6+ Kh8 18. Qh5 Qd4 19. Rf1 Qg7 20. Qh4 Nc5 21. Rf7 Qg6 22. Bxe7 Bxe7 23. Qxe7 Rg8 24. g3 e3 25. Bf5 e2 26. Bxg6 e1=Q+ 27. Qxe1 Rxg6 28. Qe8+ Rg8 29. Qe7 1-0

[Event "*** Titled Tuesday Blitz"]
[Site "Chess.com"]
[Date "2020.02.04"]
[Round "4"]
[White "wonderfultime"]
[Black "TrimitziosP7"]
[Result "1/2-1/2"]
[WhiteElo "2975"]
[BlackElo "2780"]
[TimeControl "180+2"]
[EndTime "9:49:42 PST"]
[Termination "Game drawn by repetition"]

1. d4 d5 2. Nf3 Nf6 3. Bf4 e6 4.
e3 Bd6 5. Bg3 O-O 6. Nbd2 Ne4 7.
Nxe4 dxe4 8. Nd2 f5 9. Bc4 Kh8 10. O-O Nc6 11. Bxd6 cxd6 12. d5 exd5 13. Bxd5 Ne5 14.
Nb3 Qf6 15. Qd4 Qg6 16. Kh1 Qh5 17. Rad1 Nf3 18. gxf3 Qxf3+ 19. Kg1 Rf6 20. Bf7 Qg4+ 21. Kh1 Qf3+ 22. Kg1 Qg4+ 23. Kh1 Qf3+ 24. Kg1 1/2-1/2

[Event "*** Titled Tuesday Blitz"]
[Site "Chess.com"]
[Date "2020.02.04"]
[Round "4"]
[White "HarryCun"]
[Black "WeAintSurePal"]
[Result "0-1"]
[WhiteElo "2117"]
[BlackElo "2428"]
[TimeControl "180+2"]
[EndTime "9:49:43 PST"]
[Termination "WeAintSurePal won by resignation"]

1. Nf3 c5 2. g3 d5 3. Bg2 g6 4. O-O Bg7 5. d4 cxd4 6. Nxd4 Nc6 7. Nxc6 bxc6 8. c4 e6 9. Nc3 Ne7 10. cxd5 cxd5 11. e4 d4 12. Ne2 e5 13. f4 O-O 14.
fxe5 Bg4 15. h3 Bxe2 16. Qxe2 Nc6 17. Bf4 Nxe5 18. Bxe5 Bxe5 19. Qd3 Rb8 20. b3 Rc8 21.
Rac1 Qg5 22. Rc4 Rxc4 23. bxc4 Rb8 24. Qa3 Qxg3 25. Qxg3 Bxg3 26. Rd1 Rb2 27. c5 Rc2 28. e5 Bxe5 29. c6 Kf8 30. a4 Ke7 31. Rb1 d3 32.
Rd1 d2 33. Kf1 Bf4 34. Ke2 Kd6 35. Rf1 g5 36. Rf3 d1=Q+ 37. Kxd1 Rxg2 38. Rc3 Kc7 0-1

[Event "*** Titled Tuesday Blitz"]
[Site "Chess.com"]
[Date "2020.02.04"]
[Round "4"]
[White "Tayson_7"]
[Black "DishonorOnYourCow"]
[Result "1-0"]
[WhiteElo "2653"]
[BlackElo "2204"]
[TimeControl "180+2"]
[EndTime "9:49:48 PST"]
[Termination "Tayson_7 won by resignation"]

1. e4 e5 2. Nf3 Nc6 3. Bb5 Nf6 4. d4 exd4 5. O-O d6 6. Nxd4 Bd7 7. Re1 Nxd4 8.
Bxd7+ Qxd7 9. Qxd4 Be7 10. Nc3 O-O 11. Bg5 h6 12. Bh4 Qg4 13. Bg3 Nh5 14. Nd5 Bd8 15. h3 Qd7 16. Bh2 c6 17. Ne3 Bc7 18. Rad1 Nf6 19.
Nf5 Qe6 20. Nxd6 Qxa2 21. e5 Nd5 22. Ra1 Bb6 23. Qg4 Qxb2 24. Nf5 g6 25. Nxh6+ Kh7 26. Qh4 Qd4 27. Ng4+ Kg8 28. Rad1 Qc4 29. Nf6+ Nxf6 30. Qxc4 Nd5 31. Bg3 Rad8 32. e6 fxe6 33. Rxe6 Ne3 34. Rxe3+ 1-0

[Event "*** Titled Tuesday Blitz"]
[Site "Chess.com"]
[Date "2020.02.04"]
[Round "4"]
[White "bluejay1897"]
[Black "bazar-wokzal"]
[Result "1-0"]
[WhiteElo "2396"]
[BlackElo "2538"]
[TimeControl "180+2"]
[EndTime "9:49:53 PST"]
[Termination "bluejay1897 won by resignation"]

1. Nf3 c5 2. g3 Nc6 3. Bg2 e5 4. O-O g5 5. e4 g4 6. Nh4 d6 7. Nc3 h5 8. Nd5 Nce7 9. Ne3 Bh6 10. c3 Bg5 11. Nhf5 Nxf5 12. exf5 Nf6 13. d4 cxd4 14. cxd4 exd4 15. Qxd4 Qb6 16. Qc3 Qc5 17. Nc4 Bxc1 18. Raxc1 Rh6 19. Rfe1+ Kf8 20. b4 Qxf5 21. Nxd6 Qd7 22.
Nxc8 h4 23. Qc5+ Kg7 24. Nd6 Rh5 25. Qc7 Rd8 26. Qxd7 Rxd7 27. Nxb7 hxg3 28. hxg3 Rd2 29. a4 Rf5 30. Rf1 Rb2 31. b5 Nd7 32. Nd6 Rf6 33.
Ne8+ Kg6 34. Nxf6 Nxf6 35. Rc6 1-0

[Event "*** Titled Tuesday Blitz"]
[Site "Chess.com"]
[Date "2020.02.04"]
[Round "4"]
[White "GukeshDommaraju"]
[Black "VladDobrov"]
[Result "1-0"]
[WhiteElo "2657"]
[BlackElo "2912"]
[TimeControl "180+2"]
[EndTime "9:49:56 PST"]
[Termination "GukeshDommaraju won by resignation"]

1. Nf3 d5 2. g3 Nf6 3. Bg2 b5 4. O-O e6 5. d3 Be7 6. c4 b4 7. cxd5 exd5 8. d4 O-O 9. Bg5 Ne4 10. Bxe7 Qxe7 11. Nbd2 a5 12. Ne5 f6 13. Nd3 Na6 14. Rc1 Rd8 15. Nf4 Bb7 16. Nb3 c5 17. Nxa5 cxd4 18. Qxd4 g5 19. Nh5 Kf7 20. Nxb7 1-0

[Event "*** Titled Tuesday Blitz"]
[Site "Chess.com"]
[Date "2020.02.04"]
[Round "4"]
[White "Alexander_Donchenko"]
[Black "Kirill_Kopenkin"]
[Result "0-1"]
[WhiteElo "2716"]
[BlackElo "2550"]
[TimeControl "180+2"]
[EndTime "9:49:56 PST"]
[Termination "Kirill_Kopenkin won by resignation"]

1. e4 c5 2. Nc3 d6 3. d4 cxd4 4. Qxd4 Nc6 5. Qd2 g6 6. b3 Bg7 7. Bb2 Nf6 8. O-O-O O-O 9. h4 h5 10. f3 Rb8 11. Nh3 Qa5 12. Kb1 b5 13. Ng5 b4 14.
Nd5 Nxd5 15. Qxd5 Qxd5 16. exd5 Ne5 17. Re1 Re8 18. Ne4 Bf5 19. Rg1 a5 20. Nf2 Rec8 21.
Rc1 Bh6 22. g4 Bxc1 23. gxf5 Bxb2 24. Kxb2 Nxf3 25. Rg3 Nxh4 26. fxg6 Nxg6 27. Ne4 Kg7 28. Bh3 Rh8 29. a3 Rb5 30. axb4 axb4 31. Rg5 f6 32. Rf5 Ne5 33. Ng3 Rxd5 34. Nxh5+ Rxh5 35. Rxh5 Nd3+ 0-1

[Event "*** Titled Tuesday Blitz"]
[Site "Chess.com"]
[Date "2020.02.04"]
[Round "4"]
[White "dabee"]
[Black "Kostina_Nadezhda"]
[Result "1-0"]
[WhiteElo "2578"]
[BlackElo "2171"]
[TimeControl "180+2"]
[EndTime "9:50:00 PST"]
[Termination "dabee won by resignation"]

1. d4 d5 2. Bf4 Nf6 3. e3 g6 4. Nf3 Bg7 5. Be2 O-O 6. Ne5 Nbd7 7. Nc3 a6 8. h4 Nxe5 9. dxe5 Nd7 10. Qxd5 c6 11.
Qd4 c5 12. Qe4 e6 13. h5 Qc7 14. hxg6 hxg6 15. O-O-O Nxe5 16. Bh6 Bd7 17. Qh4 Bc6 18.
Bf4 f5 19. Qg3 Kf7 20. Rh7 Kg8 21. Rdh1 1-0

[Event "*** Titled Tuesday Blitz"]
[Site "Chess.com"]
[Date "2020.02.04"]
[Round "4"]
[White "IAgrest"]
[Black "GMMatamoros"]
[Result "0-1"]
[WhiteElo "1758"]
[BlackElo "2419"]
[TimeControl "180+2"]
[EndTime "9:50:03 PST"]
[Termination "GMMatamoros won by resignation"]

1. e4 c5 2. Nf3 Nc6 3. d4 cxd4 4.
Nxd4 e5 5. Nb5 d6 6. N1c3 a6 7. Na3 Be7 8. Nc4 b5 9. Ne3 Nf6 10. f3 O-O 11. Be2 Nd4 12. O-O Be6 13. Ncd5 Nxd5 14.
exd5 Nxe2+ 15. Qxe2 Bd7 16. b3 f5 17. c4 Rc8 18. Bb2 Qb6 19. Kh1 Bg5 20. Nd1 bxc4 21. bxc4 Qb4 22. Nf2 Qxc4 23. Qxc4 Rxc4 24. Ba3 Be7 25.
Rab1 Bb5 26. Rfd1 Rc2 27. Rb2 Rfc8 28. Kg1 Rxb2 29. Bxb2 Rc2 30. Rb1 Bg5 0-1

[Event "*** Titled Tuesday Blitz"]
[Site "Chess.com"]
[Date "2020.02.04"]
[Round "4"]
[White "CrgKrishna"]
[Black "dretch"]
[Result "0-1"]
[WhiteElo "2474"]
[BlackElo "2727"]
[TimeControl "180+2"]
[EndTime "9:50:04 PST"]
[Termination "dretch won by resignation"]

1. d4 d5 2. Nf3 Nf6 3. c4 c6 4. e3 Bf5 5. Nc3 e6 6. Nh4 Bg6 7. Qb3 Qb6 8. Nxg6 hxg6 9. Bd2 Nbd7 10.
Bd3 Be7 11. h3 g5 12. O-O-O Qxb3 13. axb3 Bb4 14. f3 a5 15. Kc2 c5 16. Nb5 Bxd2 17. Kxd2 Ke7 18. cxd5 Nxd5 19. e4 Nf4 20. Bf1 cxd4 21.
g3 Nh5 22. Rg1 e5 23. Bc4 Rac8 24. Ra1 b6 25. Bd5 Rc5 26. Bc4 Nhf6 27. Kd3 Rxh3 28. b4 Rc8 29. bxa5 Nc5+ 30. Kd2 Rh2+ 31. Kd1 bxa5 32.
Rxa5 0-1